Map: Ruins of Endion

Players

puCK (Nina) - Winner!

  • Race: Protoss Protoss
  • League: Grandmaster

Cham

  • Race: Zerg Zerg

VOD

Have the link to the VOD?

Description

Time

  • Played on: May 21, 2016, 11:48 p.m.
  • Length: 13:36
Show
View Real Time Build Order
Export as new Build Order

puCK Protoss - Winner!

Build Orders: 1 Gate Expand 

Get SALT Encoding   

  12  0:02  Probe (Chrono Boost)  
  13  0:12  Probe (Chrono Boost)  
  14  0:18  Pylon  
  14  0:23  Probe (Chrono Boost)  
  15  0:36  Probe (Chrono Boost)  
  15  0:37  Gateway  
  16  0:43  Assimilator  
  16  0:47  Probe (Chrono Boost)  
  17  0:58  Probe (Chrono Boost)  
  18  1:09  Probe (Chrono Boost)  
  19  1:21  Nexus  
  19  1:24  Probe (Chrono Boost)  
  20  1:34  Cybernetics Core  
  20  1:36  Probe (Chrono Boost)  
  21  1:44  Assimilator  
  22  1:47  Probe (Chrono Boost)  
  22  1:56  Pylon  
  22  1:57  Probe (Chrono Boost)  
  23  2:03  Pylon  
  23  2:14  Adept (Chrono Boost), Probe  
  23  2:15  Warp Gate  
  26  2:26  Mothership Core  
  28  2:32  Probe  
  29  2:37  Pylon  
  29  2:39  Adept (Chrono Boost)  
  29  2:42  Probe  
  32  2:47  Probe  
  33  2:53  Probe  
  33  2:57  Gateway  
  34  2:59  Probe  
  34  3:03  Probe  
  36  3:07  Sentry (Chrono Boost)  
  36  3:12  Probe  
  39  3:14  Probe  
  39  3:18  Robotics Facility  
  39  3:19  Gateway  
  40  3:24  Probe  
  40  3:25  Probe  
  42  3:31  Pylon  
  42  3:32  Sentry (Chrono Boost)  
  44  3:35  Probe  
  44  3:36  Probe  
  46  3:46  Probe  
  46  3:48  Probe  
  46  3:51  Gateway  
  46  3:56  Probe  
  46  3:59  Pylon  
  46  4:00  Probe  
  48  4:08  Probe (Chrono Boost)  
  49  4:11  Probe (Chrono Boost)  
  49  4:14  Warp Prism (Chrono Boost)  
  52  4:20  Probe, Pylon  
  52  4:21  Probe  
  54  4:26  Pylon  
  54  4:32  Nexus  
  54  4:35  Pylon  
  54  4:37  Assimilator, Probe  
  54  4:39  Assimilator, Probe  
  54  4:40  Sentry  
  54  4:44  Sentry  
  60  4:47  Probe  
  60  4:51  Probe  
  62  4:53  Observer (Chrono Boost)  
  62  4:58  Probe  
  64  5:05  Pylon  
  63  5:09  Adept, Probe  
  63  5:10  Adept x2  
  63  5:13  Probe  
  69  5:14  Adept  
  69  5:18  Immortal (Chrono Boost)  
  69  5:19  Probe  
  76  5:25  Probe  
  76  5:30  Probe  
  76  5:34  Pylon  
  77  5:36  Pylon  
  77  5:38  Probe  
  78  5:45  Probe  
  78  5:47  Probe  
  80  5:50  Stalker  
  80  5:51  Stalker x2  
  80  5:53  Probe, Immortal (Chrono Boost)  
  80  5:56  Probe  
  91  5:58  Twilight Council  
  91  6:02  Pylon  
  92  6:09  Cybernetics Core  
  92  6:10  Gateway  
  90  6:21  Stalker  
  90  6:22  Stalker  
  98  6:33  Immortal (Chrono Boost)  
  98  6:35  Assimilator  
  98  6:36  Pylon  
  98  6:37  Assimilator  
  98  6:46  Twilight Council  
  98  6:57  Gateway x2  
  98  7:00  Gateway  
  98  7:11  Robotics Bay  
  98  7:23  Blink (Chrono Boost)  
  98  7:26  Pylon  
  96  7:45  Pylon  
  96  7:46  Pylon  
  96  7:55  Pylon  
  96  7:59  Probe  
  96  8:02  Immortal (Chrono Boost)  
  97  8:06  Pylon  
  97  8:07  Nexus  
  97  8:08  Pylon  
  97  8:11  Pylon  
  97  8:21  Stalker  
  97  8:22  Stalker x3  
  97  8:25  Probe, Gravitic Drive  
  106  8:32  Disruptor  
  106  8:33  Forge  
  103  8:57  Pylon  
  103  9:00  Stalker x5, Pylon  
  111  9:03  Disruptor  
  111  9:05  Pylon  
  114  9:16  Pylon  
  114  9:20  Dark Shrine  
  114  9:24  Stargate  
  114  9:28  Photon Cannon  
  114  9:32  Photon Cannon  
  114  9:34  Disruptor, Photon Cannon  
  114  9:36  Assimilator, Pylon  
  114  9:38  Assimilator  
  114  9:45  Photon Cannon  
  117  9:48  Zealot x2, Photon Cannon  
  117  9:50  Stalker x3  
  117  9:51  Photon Cannon  
  125  10:00  Probe  
  125  10:06  Probe  
  127  10:07  Probe  
  127  10:12  Probe, Phoenix  
  131  10:18  Pylon  
  131  10:21  Photon Cannon  
  131  10:26  Stalker  
  131  10:27  Stalker x2  
  137  10:34  Dark Templar x2  
  141  10:37  Adept, Phoenix  
  129  10:50  Dark Templar x2  
  127  11:04  Phoenix (Chrono Boost)  
  109  11:26  Phoenix (Chrono Boost)  
  98  11:34  Archon  
  77  12:13  Probe x2  
  77  12:14  Probe  
  72  12:23  Probe  
  72  12:24  Probe  
  72  12:27  Probe  
  75  12:34  Probe x2  
  75  12:39  Probe  
  76  12:44  Probe  
  76  12:45  Probe  
  76  12:50  Stalker x2  
  76  12:51  Probe  
  81  12:57  Photon Cannon  
  81  12:58  Photon Cannon  
  81  12:59  Probe  
  82  13:08  Probe  
  82  13:11  Probe  
Show
View Real Time Build Order
Export as new Build Order

Cham Zerg 

Build Orders: Hatch First 

Get SALT Encoding   

  12  0:01  Drone  
  13  0:09  Drone  
  14  0:18  Overlord  
  14  0:36  Drone  
  14  0:37  Drone x2  
  17  0:53  Hatchery  
  17  0:56  Drone  
  17  1:00  Drone  
  18  1:04  Extractor  
  18  1:09  Drone  
  18  1:19  Spawning Pool  
  18  1:21  Drone  
  18  1:32  Drone  
  19  1:42  Drone  
  20  1:57  Overlord  
  20  2:04  Drone  
  20  2:06  Drone  
  20  2:07  Queen x2  
  26  2:09  Metabolic Boost  
  26  2:15  Zergling x2  
  27  2:17  Zergling x2  
  28  2:25  Overlord  
  29  2:30  Drone  
  29  2:37  Drone  
  29  2:38  Drone  
  31  2:46  Drone  
  32  2:53  Queen, Drone  
  32  2:56  Queen  
  32  2:57  Drone  
  38  3:00  Zergling x2  
  38  3:07  Drone  
  38  3:12  Zergling x2  
  39  3:18  Zergling x2  
  40  3:24  Drone x2  
  40  3:26  Zergling x2, Drone  
  43  3:28  Overlord  
  43  3:37  Overlord  
  43  3:41  Hatchery  
  43  3:45  Drone  
  43  3:49  Drone x3  
  43  3:51  Drone  
  43  3:54  Lair  
  47  3:59  Drone x4  
  51  4:07  Drone x3  
  53  4:10  Extractor, Drone  
  53  4:11  Extractor  
  53  4:13  Roach Warren  
  51  4:20  Drone  
  52  4:25  Overlord  
  52  4:32  Overlord x2  
  52  4:34  Overlord  
  52  4:42  Spore Crawler, Drone  
  52  4:43  Queen, Spore Crawler  
  52  4:44  Drone  
  54  4:48  Spore Crawler, Drone  
  54  4:53  Drone  
  54  4:54  Nydus Network  
  54  4:57  Roach x2  
  58  5:01  Roach  
  58  5:05  Roach x2  
  64  5:09  Overseer  
  64  5:11  Roach  
  66  5:15  Roach  
  66  5:19  Roach  
  66  5:20  Overlord  
  70  5:22  Roach  
  70  5:24  Roach  
  73  5:33  Zergling x6  
  74  5:39  Zergling x10  
  74  5:40  Zergling x2  
  74  5:45  Nydus Canal  
  72  5:51  Zergling x6  
  72  5:53  Zergling x2  
  72  5:55  Zergling x2  
  72  5:56  Zergling x2  
  78  6:00  Zergling x2  
  78  6:02  Ravager x2  
  81  6:13  Zergling x12  
  87  6:21  Drone x3  
  87  6:23  Drone  
  87  6:25  Drone  
  90  6:27  Drone  
  90  6:30  Drone  
  89  6:33  Drone  
  89  6:36  Drone x2  
  89  6:37  Drone  
  89  6:39  Drone  
  93  6:43  Drone  
  93  6:50  Ravager x3  
  93  6:51  Drone x2  
  98  6:57  Extractor  
  92  7:08  Drone  
  92  7:11  Drone x4  
  97  7:26  Spire  
  95  7:32  Overlord  
  95  7:33  Drone x2  
  89  7:42  Drone x2  
  89  7:43  Drone x3  
  94  7:49  Drone x2  
  94  7:50  Drone  
  92  7:53  Drone  
  93  8:02  Overlord  
  93  8:03  Drone  
  93  8:04  Drone x4  
  98  8:07  Extractor x2, Drone x2  
  98  8:08  Drone x2  
  100  8:16  Drone x2  
  100  8:17  Drone  
  98  8:23  Overlord  
  98  8:28  Drone x3  
  98  8:30  Overlord  
  101  8:41  Overlord  
  101  8:42  Mutalisk x2  
  101  8:43  Mutalisk x3  
  101  8:46  Mutalisk x2  
  101  8:47  Mutalisk x2  
  119  8:50  Mutalisk  
  120  9:00  Drone  
  121  9:03  Mutalisk x2  
  125  9:14  Mutalisk  
  127  9:18  Mutalisk  
  127  9:21  Drone x6  
  135  9:24  Overlord  
  135  9:25  Mutalisk  
  137  9:33  Mutalisk  
  137  9:42  Mutalisk  
  137  9:45  Mutalisk  
  137  9:46  Overlord  
  137  9:47  Overlord  
  137  9:48  Mutalisk  
  141  10:00  Mutalisk  
  141  10:05  Hatchery, Mutalisk  
  144  10:12  Mutalisk  
  144  10:13  Drone  
  144  10:14  Drone x5  
  150  10:17  Spine Crawler  
  150  10:18  Mutalisk  
  153  10:23  Spine Crawler  
  153  10:24  Mutalisk  
  153  10:25  Drone  
  153  10:27  Spine Crawler  
  154  10:31  Drone x2, Hydralisk Den  
  154  10:32  Evolution Chamber  
  154  10:35  Extractor  
  153  10:39  Spine Crawler  
  153  10:40  Extractor, Spine Crawler  
  145  10:44  Mutalisk  
  145  10:46  Mutalisk  
  141  10:50  Mutalisk  
  141  10:53  Spine Crawler  
  134  10:59  Overseer x2  
  134  11:02  Zergling x12  
  134  11:03  Zergling x8  
  92  11:28  Mutalisk x2  
  92  11:29  Zergling x4  
  92  11:30  Zergling x6  
  101  11:39  Zergling x4  
  101  11:53  Zergling x4  
  103  11:57  Drone  
  101  12:06  Drone  
  97  12:10  Drone  
  93  12:25  Hatchery  
  93  12:27  Hatchery  
  91  12:31  Spire  
  91  12:33  Drone x3  
  91  12:34  Drone  
  90  12:45  Drone  
  91  12:56  Drone  
  92  13:00  Drone  
  93  13:05  Hydralisk Den  
Tags
 
Add a new tag
Caveats
  • Supply blocks, unpowered buildings, or Contaminate may cause inaccurate times.
  • Supply counts are checked every 10 seconds.